Description

MaxPax PvT Econ

Replay - 2019-05-12 - (T)Tocon VS (P)MaxPax

Build Order

Get SALT Encoding   

  12  0:00  Probe  
  13  0:13  Probe  
  14  0:20  Pylon  
  14  0:25  Probe  
  15  0:38  Probe  
  15  0:39  Pylon  
  16  0:44  Assimilator  
  16  0:50  Probe  
  17  0:57  Gateway  
  17  1:02  Probe  
  18  1:14  Probe  
  19  1:31  Nexus  
  19  1:39  Zealot  
  19  1:44  Cybernetics Core  
  19  1:52  Probe  
  22  1:58  Zealot  
  22  2:00  Assimilator  
  22  2:04  Probe  
  25  2:15  Stalker  
  25  2:16  Probe  
  25  2:28  Probe  
  26  2:40  Probe x2  
  28  2:45  Stalker  
  28  2:50  Stargate  
  30  2:56  Shield Battery  
  30  2:58  Probe x2  
  30  3:10  Probe x2  
  32  3:22  Probe x2  
  32  3:25  Phoenix  
  34  3:27  Robotics Facility  
  36  3:34  Probe x2  
  38  3:46  Probe x2  
  38  3:48  Phoenix  
  39  3:54  Probe x2  
  42  3:57  Pylon  
  44  4:03  Assimilator  
  44  4:04  Probe  
  45  4:10  Probe  
  45  4:16  Probe  
  49  4:19  Robotics Bay  
  49  4:21  Pylon  
  49  4:22  Probe  
  48  4:24  Assimilator  
  48  4:28  Probe, Phoenix  
  51  4:35  Probe  
  52  4:41  Probe  
  53  4:47  Nexus  
  53  4:49  Probe x2  
  54  4:56  Disruptor  
  55  5:00  Phoenix  
  55  5:01  Probe  
  61  5:07  Probe  
  61  5:12  Robotics Facility  
  62  5:19  Pylon x2  
  62  5:29  Disruptor, Probe  
  62  5:37  Probe x2, Phoenix  
  67  5:48  Assimilator x2  
  68  5:50  Disruptor, Probe x2  
  68  5:53  Pylon  
  69  5:59  Forge  
  69  6:02  Probe x3  
  69  6:04  Observer  
  73  6:05  Phoenix  
  78  6:14  Probe x3  
  81  6:21  Disruptor x2  
  84  6:26  Probe x3  
  84  6:30  Phoenix  
  92  6:41  Probe  
  92  6:45  Nexus  
  92  6:46  Pylon  
  93  6:50  Probe  
  94  6:56  Phoenix  
  94  6:57  Pylon x2  
  94  6:58  Probe x3  
  98  7:08  Colossus  
  99  7:10  Probe  
  99  7:11  Disruptor  
  105  7:20  Photon Cannon x2  
  108  7:25  Phoenix  
  110  7:30  Probe x3  
  110  7:33  Pylon  
  113  7:38  Fleet Beacon  
  113  7:42  Probe x3  
  113  7:43  Disruptor  
  114  7:47  Stargate  
  116  7:54  Disruptor  
  116  7:55  Probe  
  120  8:01  Photon Cannon  
  120  8:02  Pylon  
  123  8:06  Shield Battery, Carrier  
  123  8:08  Probe x3  
  123  8:11  Assimilator x2  
  123  8:12  Carrier  
  126  8:14  Probe  
  126  8:17  Protoss Air Weapons Level 1, Photon Cannon  
  127  8:20  Observer  
  127  8:24  Probe  
  141  8:35  Probe x3  
  144  8:44  Probe  
  144  8:47  Photon Cannon x2  
  143  8:53  Disruptor  
  144  9:12  Probe  
  144  9:13  Pylon x3  
  144  9:15  Carrier x2  
  145  9:18  Probe  
  145  9:20  Pylon  
  145  9:22  Stargate  
  146  9:30  Photon Cannon x2  
  146  9:32  Observer  
  159  9:39  Pylon  
  159  9:43  Probe  
  160  9:52  Nexus  
  160  9:54  Pylon  
  160  9:55  Twilight Council  
Spawning Tool Build Advisor. Get it on Overwolf

Go to:

Details

  • Created by: OHSHEE
  • Published on: May 20, 2019
  • Modified on: May 20, 2019
  • Patch: 4.7.1
Show
View Real Time Build Order
Export as new Build Order

Comments (0)

There are no comments. Be the first!

Create an account to comment!